[Event "*** MasterClass Titled Tuesday Blitz"]
[Site "Chess.com"]
[Date "2017.11.07"]
[Round "10"]
[White "Divertissement"]
[Black "evgenysharapov"]
[Result "1-0"]
[WhiteElo "2400"]
[BlackElo "2238"]
[TimeControl "180+2"]
[EndTime "16:15:00 PST"]
[Termination "Divertissement won by resignation"]

1. e4 c5 2. Nf3 d6 3. d4 cxd4 4. Nxd4 Nf6 5. Nc3 Nc6 6. Bg5 Qb6 7. Bxf6 gxf6 8. Nb3 f5 9. exf5 Bxf5 10. Bd3 Bxd3 11.
Qxd3 Bg7 12. O-O O-O 13. Kh1 Ne5 14. Qg3 Nc4 15. Nd5 Qd8 16. Rad1 Nxb2 17. Rd4 f5 18.
Nf4 e5 19. Ne6 Qe7 20. Rxd6 Rf6 21. Nxg7 Qxg7 22. Rxf6 Qxg3 23. hxg3 1-0

[Event "*** MasterClass Titled Tuesday Blitz"]
[Site "Chess.com"]
[Date "2017.11.07"]
[Round "10"]
[White "Buffy7"]
[Black "tigra"]
[Result "1-0"]
[WhiteElo "2510"]
[BlackElo "2613"]
[TimeControl "180+2"]
[EndTime "16:15:09 PST"]
[Termination "Buffy7 won by resignation"]

1. c4 e5 2. d3 Nf6 3. Nf3 Nc6 4. a3 d5 5. cxd5 Nxd5 6. e3 Qf6 7. Qc2 Bg4 8. Be2 O-O-O 9. Nbd2 g5 10. O-O h5 11. b4 Bxf3 12. Bxf3 g4 13. Be2 Nf4 14. Ne4 Nxe2+ 15. Qxe2 Qe6 16. b5 Na5 17. Bd2 Nb3 18. Rab1 f5 19. Ng5 Qg8 20. Bc3 Bd6 21. Qc2 Nc5 22.
d4 Qxg5 23. dxc5 Be7 24. Bxe5 Bf6 25. Bf4 Qg7 26. Qxf5+ Kb8 27. b6 axb6 28. cxb6 1-0

[Event "*** MasterClass Titled Tuesday Blitz"]
[Site "Chess.com"]
[Date "2017.11.07"]
[Round "10"]
[White "Rhinos1"]
[Black "rpragchess"]
[Result "0-1"]
[WhiteElo "2055"]
[BlackElo "2305"]
[TimeControl "180+2"]
[EndTime "16:16:03 PST"]
[Termination "rpragchess won by checkmate"]

1. e4 c5 2. d4 cxd4 3. c3 Nf6 4. Bd3 dxc3 5. Nxc3 d6 6. Nf3 Nc6 7. h3 g6 8. O-O Bg7 9. Qe2 O-O 10. Rd1 Nd7 11.
Bg5 h6 12. Bf4 Nde5 13. Bc2 Be6 14. Rac1 Rc8 15. b3 Nxf3+ 16. Qxf3 Nd4 17. Rxd4 Bxd4 18. Nb5 Bb2 19. Rd1 Rxc2 20. Bxh6 Bg7 21. Bxg7 Kxg7 22. Nd4 Rc8 23. Qe3 Qb6 24. Qg5 Qc5 25. Qxe7 Qe5 26.
f4 Qf6 27. Qxd6 Rfd8 28. Nxe6+ Qxe6 29. Qxd8 Rxd8 30. Rxd8 Qb6+ 31. Kh2 Qxd8 32. Kg3 Qd2 33. Kg4 Qxa2 34. g3 Qxb3 35. Kg5 Qd1 36. f5 Qh5+ 37.
Kf4 Qxh3 38. Ke5 Qxg3+ 39. Kd5 gxf5 40. exf5 Kf6 41. Kc5 Kxf5 42. Kd4 Ke6 43. Kc4 f5 44. Kd4 f4 45. Ke4 f3 46. Ke3 f2+ 47. Ke2 a5 48. Kf1 a4 49. Ke2 a3 50. Kf1 a2 51. Ke2 a1=Q 52.
Kd2 b5 53. Ke2 b4 54. Kd2 b3 55. Ke2 b2 56. Kd2 b1=Q 57. Ke2 f1=Q+ 58. Kd2 Qac3# 0-1

[Event "*** MasterClass Titled Tuesday Blitz"]
[Site "Chess.com"]
[Date "2017.11.07"]
[Round "10"]
[White "nubair1198"]
[Black "krzyzan94"]
[Result "1-0"]
[WhiteElo "2568"]
[BlackElo "2583"]
[TimeControl "180+2"]
[EndTime "16:16:11 PST"]
[Termination "nubair1198 won by resignation"]

1. c4 b6 2. d4 Bb7 3. Nc3 g6 4. e4 Bg7 5. Nf3 d6 6. Be2 Nd7 7. O-O e6 8. Qc2 Ne7 9. Re1 h6 10.
Be3 g5 11. Rad1 Ng6 12. Bf1 O-O 13. h3 f5 14. exf5 exf5 15. d5 Nde5 16. Nxe5 dxe5 17. c5 bxc5 18. Bxc5 Rf6 19. Qb3 Bc8 20. d6+ Kh7 21.
d7 Ba6 22. Bxa6 Rxa6 23. Qb7 Rf6 24. Qxa8 Qxa8 25. d8=Q Qc6 26. Qd5 Qe8 27. Qd7 Qa8 28. Nd5 Rc6 29. b4 f4 30. Nxc7 Rxc7 31. Qxc7 Nh4 32.
f3 Nxf3+ 33. gxf3 Qxf3 34. Bf2 Qxh3 35. Qd7 Qxd7 36. Rxd7 Kg6 37. Rxg7+ 1-0

[Event "*** MasterClass Titled Tuesday Blitz"]
[Site "Chess.com"]
[Date "2017.11.07"]
[Round "10"]
[White "Hanging_pointer"]
[Black "AbdAlAgathos"]
[Result "1-0"]
[WhiteElo "2342"]
[BlackElo "2215"]
[TimeControl "180+2"]
[EndTime "16:16:20 PST"]
[Termination "Hanging_pointer won by resignation"]

1. e4 e5 2. Nf3 Nc6 3. Bc4 Nf6 4.
d3 Bc5 5. O-O d6 6. c3 a6 7. b4 Ba7 8. Qb3 O-O 9. Bg5 h6 10.
Bh4 g5 11. Nxg5 hxg5 12. Bxg5 Qe7 13. Kh1 Nd8 14. f4 Ne6 15. fxe5 Nxg5 16. exf6 Qe5 17. Nd2 Be6 18. d4 Bxc4 19. Qxc4 Qb5 20. Qb3 Qd3 21. Qd5 Qxd2 22. Rad1 Qe3 23. Rde1 Qd2 24. Re2 1-0

[Event "*** MasterClass Titled Tuesday Blitz"]
[Site "Chess.com"]
[Date "2017.11.07"]
[Round "10"]
[White "Hasangatin_Ramil"]
[Black "timator"]
[Result "1-0"]
[WhiteElo "2457"]
[BlackElo "2420"]
[TimeControl "180+2"]
[EndTime "16:16:26 PST"]
[Termination "Hasangatin_Ramil won by checkmate"]

1. e4 c5 2. Nf3 Nc6 3. Bb5 e6 4. Bxc6 bxc6 5. d3 Ne7 6. Bd2 Ng6 7. h4 h5 8. Bc3 d6 9. e5 d5 10.
b3 Be7 11. Nbd2 a5 12. a4 Ba6 13. Qe2 Nf4 14. Qf1 Ng6 15. g3 Qb6 16. Qe2 Kd7 17.
O-O Rae8 18. Rfe1 Bd8 19. Bb2 f5 20. exf6 gxf6 21. c4 e5 22. Rac1 d4 23. Qe4 Ne7 24. Ba3 Bc7 25. Qe2 Bd6 26. Ne4 Ref8 27. Nxd6 Kxd6 28.
Nxe5 Qd8 29. Nf3 Bc8 30. Nd2 Bf5 31. Ne4+ Bxe4 32. Qxe4 Qd7 33. Qf4# 1-0

[Event "*** MasterClass Titled Tuesday Blitz"]
[Site "Chess.com"]
[Date "2017.11.07"]
[Round "10"]
[White "florianschwabeneder"]
[Black "ChristopherYoo"]
[Result "1-0"]
[WhiteElo "2425"]
[BlackElo "2268"]
[TimeControl "180+2"]
[EndTime "16:16:33 PST"]
[Termination "florianschwabeneder won by resignation"]

1. g3 Nf6 2. Bg2 c5 3. Nf3 Nc6 4. c4 g6 5. O-O Bg7 6. d4 cxd4 7.
Nxd4 O-O 8. Nc3 Nxd4 9. Qxd4 d6 10. Be3 Ng4 11. Qd3 Nxe3 12. Qxe3 Re8 13. Rac1 Qa5 14. Rfd1 Qe5 15. Qxe5 Bxe5 16. b3 Rb8 17. Nd5 b6 18. Nb4 Bd7 19. e3 Rbc8 20. Bb7 Rc7 21. Bf3 Rc5 22.
Nd3 Rc7 23. Nxe5 dxe5 24. Rxd7 Rxd7 25. Bc6 Red8 26. Bxd7 Rxd7 27. Rc2 f6 28. Kf1 Kf7 29. Ke2 Ke6 30. b4 Rc7 31. Kd3 f5 32. a4 a6 33. Kc3 b5 34. axb5 axb5 35. c5 Kd7 36. Ra2 Kc6 37. Ra6+ Kd5 38. Rb6 Ra7 39. Rxb5 Ra2 40.
Rb7 Rxf2 41. Rxe7 Rxh2 42. Rd7+ Kc6 43. Rd6+ Kc7 44. b5 Rh1 45. Rf6 Rc1+ 46. Kb4 Rb1+ 47. Kc4 Rc1+ 48. Kd5 Rc3 49. Rf7+ Kb8 50. b6 Rd3+ 51. Kc6 Rd8 52. Kb5 h5 53. c6 f4 1-0

[Event "*** MasterClass Titled Tuesday Blitz"]
[Site "Chess.com"]
[Date "2017.11.07"]
[Round "10"]
[White "Salem-AR"]
[Black "Blitzstream"]
[Result "1-0"]
[WhiteElo "2799"]
[BlackElo "2510"]
[TimeControl "180+2"]
[EndTime "16:16:46 PST"]
[Termination "Salem-AR won on time"]

1. d4 d5 2. c4 c6 3. Nf3 Nf6 4. Nc3 e6 5. Bg5 h6 6. Bh4 dxc4 7. e4 g5 8. Bg3 b5 9. Be2 Nbd7 10. e5 Nd5 11. O-O Bb7 12. a4 a6 13.
Nd2 Qb6 14. Nde4 O-O-O 15. Qd2 Kb8 16. Rfc1 Bb4 17. Bh5 Rdf8 18. h3 Be7 19. b3 cxb3 20. Rab1 Ka7 21. Rxb3 f5 22. exf6 N7xf6 23. Be2 Nxc3 24.
Nxc3 b4 25. a5 Qxa5 26. Qe1 bxc3 27. Ra1 Qb4 28. Rxb4 Bxb4 29. Qb1 Nd5 30. Bxa6 Kb6 31. Bc4 1-0

[Event "*** MasterClass Titled Tuesday Blitz"]
[Site "Chess.com"]
[Date "2017.11.07"]
[Round "10"]
[White "Shivagami"]
[Black "MFBerna"]
[Result "1-0"]
[WhiteElo "2085"]
[BlackElo "2301"]
[TimeControl "180+2"]
[EndTime "16:16:58 PST"]
[Termination "Shivagami won by resignation"]

1. d4 d5 2. Bf4 c6 3. e3 Bf5 4. c4 e6 5. Nc3 Nd7 6. Qb3 Qb6 7.
c5 Qxb3 8. axb3 a6 9. b4 Rc8 10. Nf3 Ngf6 11. h3 h6 12. Be2 Be7 13. O-O O-O 14.
Nd2 Ne8 15. e4 dxe4 16. Ndxe4 Nc7 17. Nd6 Bxd6 18. Bxd6 Rfe8 19. Rfe1 Nd5 20. Nxd5 exd5 21. g4 Bg6 22. Bf3 Bd3 23. h4 f6 24. g5 hxg5 25.
hxg5 fxg5 26. Bg4 Nf6 27. Bxc8 Rxc8 28. Re7 Ne4 29. Rxb7 Kh7 30. Be5 Rg8 31. Rc7 Bb5 32. Re1 Kg6 33. f3 Nd2 34. Kg2 Nc4 35. b3 Nd2 36.
Re3 Nf1 37. Re1 Nd2 38. Bg3 Nxb3 39. Re6+ Kh7 40. Be5 Nd2 41. Ree7 Kg6 42. Bxg7 Nc4 43.
Re6+ 1-0

[Event "*** MasterClass Titled Tuesday Blitz"]
[Site "Chess.com"]
[Date "2017.11.07"]
[Round "10"]
[White "ZapataCharlesS"]
[Black "Koksik_13"]
[Result "1-0"]
[WhiteElo "2562"]
[BlackElo "2134"]
[TimeControl "180+2"]
[EndTime "16:17:15 PST"]
[Termination "ZapataCharlesS won by resignation"]

1. d4 e6 2. Nf3 d5 3. Bf4 c5 4. c3 Nc6 5. e3 Qb6 6. Qc1 Nf6 7. Be2 Bd7 8. O-O Nh5 9. Be5 Nxe5 10. dxe5 g6 11.
c4 Bc6 12. Nc3 Be7 13. cxd5 exd5 14. Rd1 Rd8 15. a4 a6 16. a5 Qc7 17. b4 cxb4 18. Nxd5 Qc8 19. Nxe7 Kxe7 20. Qc5+ Ke8 21. Rxd8+ Qxd8 22. Rd1 Qe7 23. Rd6 Ng7 24. Nd4 Ne6 25. Nxe6 fxe6 26. Bc4 Bd7 27. Qxb4 Kf7 28. Qxb7 Rd8 29.
f4 Kf8 30. h3 Ke8 31. Kh2 g5 32.
Bxa6 g4 33. Rxd7 g3+ 34. Kxg3 Rxd7 35. Bb5 Qg7+ 36. Kh2 Qh6 37. Qxd7+ Kf8 38. Qd8+ Kg7 39. Qf6+ 1-0

[Event "*** MasterClass Titled Tuesday Blitz"]
[Site "Chess.com"]
[Date "2017.11.07"]
[Round "10"]
[White "MITerryble"]
[Black "MagnusCarlsen"]
[Result "0-1"]
[WhiteElo "2645"]
[BlackElo "3034"]
[TimeControl "180+2"]
[EndTime "16:17:27 PST"]
[Termination "MagnusCarlsen won by resignation"]

1. d4 Nf6 2. Nf3 e6 3. c4 b6 4. g3 Bb7 5. Bg2 Bb4+ 6. Bd2 a5 7. O-O O-O 8. Nc3 d6 9. Qc2 Nbd7 10. b3 h6 11. Rfe1 Bxc3 12. Bxc3 Be4 13. Qb2 a4 14.
Bh3 Qb8 15. Nd2 Bg6 16. Bg2 Ra7 17. Bc6 a3 18. Qc1 e5 19. e3 Qc8 20. Bb4 e4 21.
Qc2 Nb8 22. Ba4 Rd8 23. Kg2 c6 24. Rac1 Qb7 25. d5 b5 26. cxb5 cxb5 27. Bxa3 bxa4 28. b4 Qxd5 29. Nc4 Bh5 30. h3 Bf3+ 31. Kh2 Qh5 32. h4 Ng4+ 33. Kg1 g5 34. Nxd6 gxh4 35. Qc5 Qxc5 36.
bxc5 h3 37. Kf1 h2 0-1

[Event "*** MasterClass Titled Tuesday Blitz"]
[Site "Chess.com"]
[Date "2017.11.07"]
[Round "10"]
[White "AkshatChandra"]
[Black "matej2221"]
[Result "1-0"]
[WhiteElo "2724"]
[BlackElo "2109"]
[TimeControl "180+2"]
[EndTime "16:17:34 PST"]
[Termination "AkshatChandra won by resignation"]

1. b3 d5 2. Bb2 Nf6 3. Nf3 Bf5 4. g3 e6 5. Bg2 Be7 6. Nh4 Be4 7. f3 Bg6 8. Nxg6 hxg6 9. O-O c5 10. f4 Nc6 11.
e3 Qd7 12. d3 e5 13. h3 d4 14. fxe5 Nd5 15. Qf3 Nxe3 16. Qxf7+ Kd8 17. e6 Qd6 18. Rf3 Ne5 19. Qf4 Nxf3+ 20. Qxf3 Nxg2 21. Kxg2 Kc7 22. Qe4 Rh5 23. Na3 Re5 24. Nb5+ Kb6 25. Nxd6 Rxe4 26.
Nxe4 1-0

[Event "*** MasterClass Titled Tuesday Blitz"]
[Site "Chess.com"]
[Date "2017.11.07"]
[Round "10"]
[White "tango_argentino"]
[Black "VerdeNotte"]
[Result "0-1"]
[WhiteElo "2498"]
[BlackElo "2662"]
[TimeControl "180+2"]
[EndTime "16:17:43 PST"]
[Termination "VerdeNotte won by resignation"]

1. b3 b6 2. a4 Bb7 3. a5 e5 4.
Bb2 d6 5. e3 Nf6 6. Bb5+ c6 7.
Be2 c5 8. Bb5+ Nbd7 9. a6 Bxg2 10. f3 Bxh1 11. Bc6 Ng4 12. Qe2 Qh4+ 13. Kd1 Nf2+ 14. Kc1 Qxh2 15. Bxe5 Qxg1+ 16. Kb2 Nd1+ 17. Ka3 dxe5 18.
Bxa8 c4+ 19. b4 Be7 20. Bc6 O-O 21. Bxd7 Rd8 22. Bg4 h5 23. Bxh5 e4 24. Qxc4 g6 25. Qxe4 Qg5 26. Kb3 gxh5 27. Na3 Rxd2 28. Nc4 Rd8 29. Ne5 Nf2 30. Qf4 Qxf4 31. exf4 h4 32. Rf1 h3 33. Rxf2 Bg2 34. Nc6 Kf8 35. Nxd8 h2 36.
Rxg2 h1=Q 37. Rd2 Qb1+ 38. Kc4 Qxb4+ 39. Kd5 Qxd2+ 40. Kc6 0-1

[Event "*** MasterClass Titled Tuesday Blitz"]
[Site "Chess.com"]
[Date "2017.11.07"]
[Round "10"]
[White "PenguinPacks"]
[Black "GameOverBro"]
[Result "0-1"]
[WhiteElo "2191"]
[BlackElo "2334"]
[TimeControl "180+2"]
[EndTime "16:17:47 PST"]
[Termination "GameOverBro won by resignation"]

1. e4 d6 2. d4 Nf6 3. Nc3 e5 4. Nf3 Nbd7 5. Be2 Be7 6. O-O c6 7. Be3 h6 8. h3 Qc7 9. d5 a6 10. a4 c5 11. a5 Nf8 12. Nd2 Ng6 13. Nc4 O-O 14. f4 exf4 15. Bxf4 Nxf4 16. Rxf4 Nd7 17.
Ne3 Bg5 18. Rf3 Ne5 19. Rg3 Bf4 20. Qe1 Qe7 21. Qf2 Bxg3 22. Qxg3 Qg5 23. Qf2 Bxh3 24. Rf1 Bg4 25. Ncd1 Bxe2 26. Qxe2 Rae8 27. Rf5 Qg3 28. Nf2 g6 29. Rf6 h5 30. Nf1 Qg5 31. Rxd6 Ng4 32. Nxg4 hxg4 33. c4 Qe5 34. Rb6 Qd4+ 35. Qe3 Rxe4 36.
Qxd4 Rxd4 37. b3 Rb8 38. Ne3 f5 39. g3 Kf7 40. Ng2 Rd3 41. Kf2 Rf3+ 42. Ke2 g5 43. Ne3 Re8 44. Rxb7+ Kf8 45. Rb6 Rexe3+ 46. Kd2 Rxb3 47. Rxa6 Rb2+ 48. Ke1 Ra3 49. Ra8+ Kg7 50. Ra7+ Kh6 0-1

[Event "*** MasterClass Titled Tuesday Blitz"]
[Site "Chess.com"]
[Date "2017.11.07"]
[Round "10"]
[White "pastouche06"]
[Black "Grebeniuk-S"]
[Result "0-1"]
[WhiteElo "2351"]
[BlackElo "2439"]
[TimeControl "180+2"]
[EndTime "16:17:52 PST"]
[Termination "Grebeniuk-S won by resignation"]

1. e4 c5 2. Nf3 d6 3. d4 cxd4 4. Nxd4 Nf6 5. Nc3 g6 6. Be2 Bg7 7. O-O Nc6 8. Nb3 O-O 9. Bg5 Be6 10. f4 Qb6+ 11. Kh1 Rad8 12. Bf3 Bc4 13. Re1 h6 14. Bh4 e5 15. Nd5 Bxd5 16. exd5 Nd4 17. fxe5 dxe5 18. c3 Nf5 19. Bxf6 Qxf6 20. Nc5 Qh4 21. Nxb7 Rb8 22. d6 e4 23. Bxe4 Ng3+ 24. Kg1 Nxe4 25. Qd5 Rfe8 26. d7 Qf2+ 27. Kh1 Ng3+ 28. hxg3 Rxe1+ 29. Rxe1 Qxe1+ 30. Kh2 Bf6 31. d8=Q+ Bxd8 32. Nxd8 Qf2 33. Nc6 Rxb2 34. Ne7+ Kg7 35. Qe5+ Qf6 36. Qd6 Qxd6 0-1

[Event "*** MasterClass Titled Tuesday Blitz"]
[Site "Chess.com"]
[Date "2017.11.07"]
[Round "10"]
[White "mikhaillushenkov"]
[Black "chessking2151"]
[Result "1-0"]
[WhiteElo "2498"]
[BlackElo "2381"]
[TimeControl "180+2"]
[EndTime "16:17:54 PST"]
[Termination "mikhaillushenkov won by resignation"]

1. Nf3 Nf6 2. c4 e6 3. g3 d5 4. Bg2 Be7 5. O-O O-O 6. b3 c5 7. Bb2 Nc6 8. e3 b6 9. Qe2 Ba6 10. Rd1 Qb8 11. Nc3 Rd8 12. d3 Bb7 13. Ne1 d4 14.
Ne4 Nxe4 15. Bxe4 Bf6 16. Ng2 g6 17. h4 Ne7 18. Bxb7 Qxb7 19. e4 h5 20. f4 Bg7 21.
Rf1 Qd7 22. Rae1 Re8 23. Bc1 f5 24. Qf3 Nc6 25. Re2 Rad8 26. Bd2 Kh8 27. Ne1 Rf8 28. Qg2 e5 29. Nf3 fxe4 30. Rxe4 Rde8 31. Ng5 exf4 32. Bxf4 Nb4 33. Qf3 Rxe4 34. Qxe4 Qf5 35. Qe7 Nxd3 36.
Ne6 Rg8 37. Bh6 Bf6 38. Qxf6+ Qxf6 39. Rxf6 Nc1 40. Bxc1 1-0

[Event "*** MasterClass Titled Tuesday Blitz"]
[Site "Chess.com"]
[Date "2017.11.07"]
[Round "10"]
[White "GeorgMeier"]
[Black "yurisolo"]
[Result "0-1"]
[WhiteElo "2685"]
[BlackElo "2633"]
[TimeControl "180+2"]
[EndTime "16:18:02 PST"]
[Termination "yurisolo won on time"]

1. Nf3 d6 2. d4 g6 3. g3 Bg7 4.
Bg2 c5 5. O-O cxd4 6. Nxd4 Qb6 7.
Nb3 Nf6 8. c4 O-O 9. Nc3 Nc6 10.
Be3 Qa6 11. Nb5 Rb8 12. h3 Be6 13. Nc7 Qxc4 14. Rc1 Qa4 15. Nxe6 fxe6 16. Nd4 Qxd1 17. Rfxd1 Nxd4 18. Bxd4 Ne8 19. a4 Bxd4 20. Rxd4 Kf7 21. a5 Nf6 22. Rc7 Rfc8 23. Rxc8 Rxc8 24. Bxb7 Rc2 25. b4 e5 26. Rd3 Rxe2 27. b5 Ra2 28. a6 Rb2 29. Bc6 Ke6 30. Rc3 d5 31. f3 d4 32. Rc4 d3 33. Rc1 e4 0-1

[Event "*** MasterClass Titled Tuesday Blitz"]
[Site "Chess.com"]
[Date "2017.11.07"]
[Round "10"]
[White "lukas_111111"]
[Black "VitaliyBernadskiy"]
[Result "0-1"]
[WhiteElo "2365"]
[BlackElo "2579"]
[TimeControl "180+2"]
[EndTime "16:18:03 PST"]
[Termination "VitaliyBernadskiy won by resignation"]

1. e4 c5 2. Nf3 d6 3. d4 cxd4 4. Nxd4 Nf6 5. Nc3 Nc6 6. Bg5 e6 7. Qd2 Be7 8. O-O-O a6 9. Nb3 O-O 10. f3 b5 11. Bxf6 gxf6 12. Ne2 Qc7 13. Ng3 Kh8 14. Nh5 Rg8 15. h4 Ne5 16. Qd4 Bd7 17. f4 Nc6 18. Qe3 Rac8 19. Kb1 Na5 20. c3 Nxb3 21. axb3 Qc5 22.
Qf3 b4 23. c4 a5 24. f5 Qe5 25. g4 a4 26. g5 a3 27. Rd2 exf5 28. Bd3 fxg5 29.
hxg5 Bxg5 30. Rdh2 Rg6 31. exf5 Rh6 32. f6 Bc6 33.
Qf5 a2+ 34. Ka1 Qxf5 35. Bxf5 Bxh1 36. Bxc8 Bf3 37. c5 Rxh5 38. Rxh5 Bxh5 39. c6 d5 40. c7 Bf4 0-1

[Event "*** MasterClass Titled Tuesday Blitz"]
[Site "Chess.com"]
[Date "2017.11.07"]
[Round "10"]
[White "FairChess_on_YouTube"]
[Black "Genghis_K"]
[Result "0-1"]
[WhiteElo "2753"]
[BlackElo "2697"]
[TimeControl "180+2"]
[EndTime "16:18:06 PST"]
[Termination "Genghis_K won by resignation"]

1. d4 d5 2. c4 e6 3. Nc3 Bb4 4. cxd5 exd5 5. Bf4 c6 6. e3 Ne7 7. Rc1 O-O 8. Qb3 Bd6 9. Bg3 Nf5 10. Bd3 Nxg3 11. hxg3 h6 12. Nge2 Nd7 13. Nf4 Nf6 14.
f3 Re8 15. Kf2 b6 16. Bb1 Bb7 17. Nce2 Rc8 18. g4 c5 19. Qd3 Kf8 20. Qf5 Qe7 21. Qd3 Ba6 22. Qb3 c4 23. Qc3 Bb4 24. g5 Bxc3 25. Rxc3 Ng8 26. g6 Rc6 27. Nxd5 Qd6 28. Nef4 b5 29. Ra3 b4 30. Ra5 c3 31. bxc3 bxc3 32. gxf7 Kxf7 33. Bg6+ Kf8 34. Bxe8 Kxe8 35. Rc1 c2 36. a3 Qd8 37. Ra4 g5 38. Nb4 gxf4 39. Nxc6 fxe3+ 40. Kg1 Qb6 41. d5 Qb2 42. Re4+ Kf7 43. Ne5+ Kg7 44. Rg4+ Kh7 45. Nd7 Qxc1+ 46. Kh2 Qxa3 0-1

[Event "*** MasterClass Titled Tuesday Blitz"]
[Site "Chess.com"]
[Date "2017.11.07"]
[Round "10"]
[White "Jadeit90"]
[Black "Rodalquilar"]
[Result "0-1"]
[WhiteElo "2303"]
[BlackElo "2505"]
[TimeControl "180+2"]
[EndTime "16:18:11 PST"]
[Termination "Rodalquilar won by resignation"]

1. g3 d5 2. Bg2 Nf6 3. c4 e6 4.
cxd5 exd5 5. Nf3 Be7 6. O-O O-O 7. d3 c6 8. Nc3 Bf5 9. e4 dxe4 10. Nh4 Bg4 11. Qb3 Qxd3 12. Qxb7 Nbd7 13. Qxc6 Rac8 14. Qa4 Rc4 15. Qxa7 Bc5 16. Qb7 Rb4 17. Qc6 Rc4 18.
Qb5 Rb8 19. Qa6 Ne5 20. Bf4 Bc8 21. Qxc4 Qxc4 22. Bxe5 Rxb2 23. Nxe4 Nxe4 24. Bxb2 Nxf2 25. Bc1 Nh3+ 26. Kh1 Bb7 27. Bf4 Bxg2+ 28. Kxg2 Nxf4+ 29. gxf4 g5 30. Nf5 Qe4+ 31. Kg3 Qxf5 32. fxg5 Qxg5+ 33. Kf3 Qd5+ 34. Kg4 h5+ 35. Kh4 Be7+ 36. Kh3 Qd3+ 37. Kg2 Qe4+ 38. Kg1 Bc5+ 0-1

[Event "*** MasterClass Titled Tuesday Blitz"]
[Site "Chess.com"]
[Date "2017.11.07"]
[Round "10"]
[White "Bryakin_Mikhail"]
[Black "Ilja_Semjonovs"]
[Result "0-1"]
[WhiteElo "2499"]
[BlackElo "2393"]
[TimeControl "180+2"]
[EndTime "16:18:13 PST"]
[Termination "Ilja_Semjonovs won by checkmate"]

1. d4 d5 2. Nf3 Nf6 3. Nc3 g6 4. Bf4 Bg7 5. h4 O-O 6. Ne5 c5 7. e3 Nh5 8. Bh2 cxd4 9. exd4 Nc6 10. Be2 Nxe5 11. Bxe5 Bxe5 12. dxe5 d4 13. Nb5 Nf4 14. Qxd4 Nxg2+ 15. Kf1 Qxd4 16. Nxd4 Nf4 17. Bf3 Bh3+ 18. Kg1 Rad8 19. c3 Bc8 20. Rd1 f6 21. exf6 Rxf6 22.
Kh2 e5 23. Nb3 Rxd1 24. Rxd1 b6 25. Kg3 Kg7 26. Rd8 Be6 27. Nd2 Bxa2 28. b3 Rf7 29. Bg4 Rc7 30. c4 h5 31. Bf3 Kf7 32. Be4 b5 33. cxb5 Bxb3 34. Nxb3 Rc3+ 35. f3 Rxb3 36. Bc6 Rb2 37. Bd5+ Ke7 38. Ra8 Rg2# 0-1

[Event "*** MasterClass Titled Tuesday Blitz"]
[Site "Chess.com"]
[Date "2017.11.07"]
[Round "10"]
[White "AllStarShark"]
[Black "twitchTriniCupid"]
[Result "0-1"]
[WhiteElo "2228"]
[BlackElo "2084"]
[TimeControl "180+2"]
[EndTime "16:18:14 PST"]
[Termination "twitchTriniCupid won on time"]

1. d4 Nf6 2. Bg5 Ne4 3. Bf4 d5 4. e3 Nc6 5. Bd3 g5 6. Bg3 Bg7 7. Nd2 Nxg3 8. hxg3 h6 9. c3 e5 10. Ne2 a6 11. c4 Ne7 12. cxd5 Nxd5 13. e4 Nb6 14. d5 c6 15. Nc3 O-O 16. Nc4 cxd5 17. Nxb6 Qxb6 18. Nxd5 Qxb2 19. Rb1 Qd4 20. Rb6 Be6 21.
Rd6 Bxd5 22. Rxd5 Qc3+ 23. Kf1 Rad8 24. Be2 Rxd5 25. Qxd5 b5 26. Kg1 Qe1+ 27. Bf1 Qa5 28. Rh3 Qb6 29. Kh2 Qxf2 30. Qd1 Qe3 31. Be2 Qxe4 32. Bf3 Qd4 33. Qe1 Re8 34. Be4 Qd6 35. Qf1 Qf6 36. Qe2 Rd8 37. g4 Qf4+ 38. Kg1 Rd2 0-1

[Event "*** MasterClass Titled Tuesday Blitz"]
[Site "Chess.com"]
[Date "2017.11.07"]
[Round "10"]
[White "kikydu96"]
[Black "Krasimir_Rusev"]
[Result "0-1"]
[WhiteElo "2412"]
[BlackElo "2581"]
[TimeControl "180+2"]
[EndTime "16:18:23 PST"]
[Termination "Krasimir_Rusev won by resignation"]

1. e4 d6 2. d4 Nf6 3. Nc3 e5 4. Nf3 exd4 5. Nxd4 Be7 6. Bc4 O-O 7. O-O c6 8. Re1 Re8 9. h3 a5 10. a4 Bf8 11.
Bg5 Nbd7 12. Nf5 Ne5 13. Bb3 h6 14. Bh4 Ng6 15. Bg3 d5 16. Qf3 Ne5 17. Bxe5 Rxe5 18. Qg3 Rxf5 19. exf5 Bxf5 20. Rad1 Bd6 21. Qh4 Qc7 22. Ne2 Bg6 23. c3 Qb6 24. Nd4 Bc5 25.
Bc2 Bxc2 26. Nxc2 Qxb2 27. Nd4 Qxc3 28. Nf5 Qc2 29. Nxh6+ Kf8 30. Ng4 Qh7 31. Qxh7 Nxh7 32. Rb1 Bb4 33. Re2 Ng5 34. Ne5 Ne6 35. Nd3 c5 36. Re5 Rd8 37. Rd1 d4 38. Nb2 Bc3 39.
Nc4 d3 40. Re3 Rd4 41. Rdxd3 Rxc4 42. Rxc3 Rxa4 43. Rb3 Rb4 44. Rbd3 Ke7 45. Rd5 b6 46. Red3 Rd4 47. R3xd4 Nxd4 48. Re5+ Kd6 49. Re3 a4 50. Kf1 b5 51. Ke1 Nc2+ 0-1

[Event "*** MasterClass Titled Tuesday Blitz"]
[Site "Chess.com"]
[Date "2017.11.07"]
[Round "10"]
[White "wanyaland"]
[Black "Margency"]
[Result "0-1"]
[WhiteElo "2263"]
[BlackElo "2504"]
[TimeControl "180+2"]
[EndTime "16:18:23 PST"]
[Termination "Margency won on time"]

1. d4 Nf6 2. c4 g6 3. Nc3 d5 4. Bg5 Bg7 5. Nf3 Ne4 6. Bf4 Nxc3 7. bxc3 c5 8. e3 O-O 9. Be2 dxc4 10. Bxc4 Nd7 11. O-O Nb6 12. Be2 Nd5 13. Qb3 Nxf4 14. exf4 Qd6 15. g3 Be6 16. Bc4 Bxc4 17. Qxc4 Rac8 18.
Qb3 b6 19. Rad1 cxd4 20. cxd4 Rfd8 21. Rfe1 e6 22. Ne5 Rc7 23. Re2 Qd5 24. Qa4 Bf6 25.
Red2 h5 26. h4 Kg7 27. Kh2 Be7 28. Qa6 Rdc8 29. Qe2 Bb4 30. Rb2 Rc1 31. Rxb4 R8c2 32. Rb5 Rxd1 33. Rxd5 Rxe2 34. Rd7 Rxf2+ 0-1

[Event "*** MasterClass Titled Tuesday Blitz"]
[Site "Chess.com"]
[Date "2017.11.07"]
[Round "10"]
[White "PrinceMurad09"]
[Black "Mistheoretical"]
[Result "0-1"]
[WhiteElo "2241"]
[BlackElo "2305"]
[TimeControl "180+2"]
[EndTime "16:18:23 PST"]
[Termination "Mistheoretical won by checkmate"]

1. e4 e6 2. d3 d5 3. Qe2 c5 4.
Nf3 Nc6 5. g3 g6 6. Bg2 Bg7 7.
O-O Nge7 8. e5 b6 9. c4 h6 10. h4 Ba6 11. Bf4 Qd7 12. Nc3 Rd8 13. Rfd1 Nf5 14. b3 Bb7 15. cxd5 exd5 16. Nb5 O-O 17. g4 Nfd4 18. Nfxd4 Nxd4 19. Nxd4 cxd4 20. Qd2 Qxg4 21.
Bg3 Rfe8 22. Re1 Re7 23. Kh2 Qh5 24. Qb4 Rde8 25. Qxd4 g5 26. Bxd5 gxh4 27. Bf4 Rd7 28. Bf3 Rxd4 29. Bxh5 Rxf4 30. f3 Rxe5 31. Bg4 Rg5 32.
Rac1 h5 33. Bh3 Bxf3 34. Rg1 Bg4 35. Rce1 Bd4 36. Rg2 Kg7 37. Re4 Rxe4 38. dxe4 a5 39. Bxg4 hxg4 40. Rd2 Bc5 41. Rd5 Rxd5 42. exd5 Kf6 43.
Kg2 Ke5 44. b4 axb4 45. a3 bxa3 46. d6 Kxd6 47. Kf1 f5 48. Ke2 Ke5 49. Kd3 Kd5 50.
Ke2 Ke4 51. Kf1 b5 52. Kg2 Ke3 53. Kh2 Kf2 54. Kh1 a2 55. Kh2 f4 56. Kh1 a1=Q+ 57. Kh2 Qg1# 0-1

[Event "*** MasterClass Titled Tuesday Blitz"]
[Site "Chess.com"]
[Date "2017.11.07"]
[Round "10"]
[White "Swarnapuri"]
[Black "bugsbunny444"]
[Result "0-1"]
[WhiteElo "2456"]
[BlackElo "2430"]
[TimeControl "180+2"]
[EndTime "16:18:29 PST"]
[Termination "bugsbunny444 won by resignation"]

1. d4 b6 2. Bf4 Bb7 3. e3 d6 4.
Nf3 Nd7 5. h3 g6 6. Bh2 Bg7 7. a4 a6 8. Be2 e5 9. O-O Ne7 10. a5 b5 11. c4 bxc4 12. Bxc4 O-O 13. dxe5 Bxf3 14. Qxf3 Nxe5 15. Bxe5 Bxe5 16. Nc3 Qb8 17.
Qe2 Qb7 18. Rab1 Rfb8 19. Rfc1 c5 20. Qd3 Ra7 21. Nd5 Nxd5 22. Bxd5 Qb4 23. f4 Bf6 24. f5 Kg7 25. Rc4 Qxa5 26. fxg6 fxg6 27. Rf1 Be5 28. Rg4 Rxb2 29. Bc4 Qc3 30. Qd5 Qxe3+ 31. Kh1 Rf2 32. Qg8+ Kh6 33. Rh4+ Kg5 34. Rg4+ Kh5 35. Rd1 Rf4 36.
Qe6 Rxg4 37. Qxg4+ Kh6 38. Rf1 Qg3 39. Qxg3 Bxg3 40.
Ra1 a5 41. Kg1 a4 42. Kf1 a3 43. Ke2 Be5 44. Ra2 Bb2 0-1